Map: Ever Dream LE

Players

Solar

  • Race: Zerg Zerg
  • Spawn Location: 1:00

uwuThermal (uThermal) - Winner!

  • Race: Terran Terran
  • League: Master
  • Spawn Location: 7:00

Event: War Chest Team League

VOD

Have the link to the VOD?

Description

Time

  • Played on: Aug. 14, 2020, 6:57 a.m.
  • Length: 20:36

All games in this series

Show
View Real Time Build Order
Export as new Build Order

Solar Zerg 

Build Orders: Hatch First 

Get SALT Encoding   

  12  0:02  Drone  
  13  0:12  Overlord  
  13  0:17  Drone  
  14  0:31  Drone x2  
  16  0:48  Hatchery  
  15  0:51  Drone  
  15  0:56  Drone  
  17  0:58  Drone  
  18  1:10  Extractor  
  17  1:14  Spawning Pool  
  17  1:18  Drone  
  17  1:21  Drone  
  18  1:28  Drone  
  19  1:39  Drone  
  20  1:50  Drone  
  21  2:01  Queen x2  
  21  2:02  Zergling x4  
  27  2:11  Overlord  
  27  2:13  Drone  
  28  2:24  Hatchery  
  28  2:29  Drone  
  28  2:30  Drone  
  28  2:34  Drone  
  28  2:36  Drone  
  30  2:42  Queen  
  32  2:47  Metabolic Boost  
  32  2:53  Overlord  
  32  2:55  Drone  
  33  2:58  Drone  
  33  3:01  Drone  
  33  3:05  Drone  
  38  3:12  Drone x2  
  38  3:13  Drone x2  
  38  3:18  Pneumatized Carapace  
  40  3:20  Drone  
  40  3:25  Queen  
  43  3:31  Overlord  
  43  3:32  Drone  
  44  3:38  Queen  
  44  3:40  Drone  
  47  3:42  Drone x2  
  47  3:44  Drone  
  50  3:49  Zergling x6  
  50  3:52  Overlord  
  50  3:54  Drone  
  54  3:57  Zergling x2  
  54  3:58  Drone x2  
  54  4:01  Drone  
  58  4:07  Overlord  
  58  4:09  Queen  
  58  4:11  Drone x2  
  58  4:12  Drone  
  63  4:18  Zergling x2  
  63  4:19  Queen  
  63  4:23  Overlord  
  66  4:27  Drone  
  66  4:28  Drone  
  66  4:30  Drone  
  69  4:32  Drone  
  69  4:34  Lair  
  69  4:37  Drone  
  71  4:39  Roach Warren  
  71  4:40  Spore Crawler  
  71  4:42  Extractor, Drone, Spore Crawler  
  71  4:43  Extractor  
  71  4:44  Drone  
  68  4:45  Spore Crawler  
  68  4:46  Drone  
  68  4:48  Drone  
  68  4:50  Zergling x4  
  71  4:53  Zergling x4  
  71  4:58  Overlord  
  71  4:59  Spore Crawler  
  72  5:01  Zergling x6  
  74  5:10  Zergling x6  
  74  5:12  Overlord  
  77  5:16  Drone  
  77  5:17  Drone  
  77  5:19  Roach x4  
  85  5:23  Roach x2  
  85  5:24  Drone  
  90  5:29  Overlord  
  90  5:32  Drone  
  90  5:34  Drone  
  93  5:36  Extractor x2  
  93  5:40  Drone  
  92  5:43  Overlord  
  92  5:47  Overlord  
  92  5:49  Overlord  
  90  5:56  Extractor, Drone  
  90  5:57  Drone  
  90  6:00  Drone  
  92  6:04  Drone  
  92  6:05  Spire  
  92  6:08  Overseer  
  92  6:09  Drone  
  93  6:11  Drone  
  93  6:13  Drone  
  93  6:14  Drone x3  
  98  6:21  Drone  
  98  6:22  Drone  
  100  6:26  Overseer, Drone x3  
  100  6:27  Drone  
  100  6:28  Drone  
  100  6:29  Drone  
  100  6:32  Overlord, Glial Reconstitution  
  106  6:34  Drone x2  
  106  6:38  Evolution Chamber  
  106  6:39  Overlord  
  107  6:40  Overlord  
  107  6:43  Hatchery  
  105  6:50  Overlord  
  105  6:51  Roach x3  
  105  6:52  Overlord  
  105  6:55  Evolution Chamber  
  110  7:02  Drone x6  
  110  7:06  Overlord  
  110  7:07  Drone  
  117  7:17  Mutalisk  
  117  7:18  Mutalisk x5  
  117  7:20  Zerg Flyer Weapons Level 1  
  129  7:23  Mutalisk x2  
  129  7:25  Mutalisk  
  129  7:28  Drone x3, Unknown  
  137  7:30  Drone  
  137  7:32  Overlord  
  137  7:33  Zergling x2, Baneling Nest  
  137  7:37  Spore Crawler  
  137  7:39  Mutalisk  
  137  7:40  Mutalisk  
  137  7:43  Zergling x8  
  144  7:48  Mutalisk  
  144  7:50  Overlord  
  146  7:52  Overlord  
  146  7:53  Overlord  
  146  7:56  Mutalisk  
  144  7:58  Zergling x6  
  144  7:59  Zergling x4  
  144  8:02  Queen x2  
  126  8:06  Mutalisk x2  
  126  8:12  Zergling x4  
  107  8:14  Queen  
  107  8:16  Mutalisk  
  107  8:18  Drone x2  
  102  8:24  Drone x3  
  102  8:25  Drone  
  100  8:28  Drone x2  
  93  8:35  Mutalisk x2  
  93  8:37  Drone  
  95  8:43  Mutalisk  
  96  8:51  Mutalisk x2  
  96  8:52  Zergling x4  
  96  8:54  Zergling x2  
  96  8:55  Drone  
  103  8:57  Overseer  
  103  9:00  Mutalisk  
  103  9:01  Zergling x2  
  104  9:03  Zergling x6  
  104  9:06  Zergling x2  
  104  9:07  Zergling x2  
  104  9:08  Zergling x2  
  104  9:09  Zergling x2  
  108  9:11  Zergling x4  
  108  9:14  Drone  
  107  9:17  Mutalisk x2  
  107  9:20  Mutalisk  
  107  9:22  Zergling x2  
  110  9:25  Drone  
  110  9:26  Drone  
  110  9:29  Drone  
  113  9:32  Drone x4  
  113  9:34  Mutalisk  
  118  9:42  Drone  
  118  9:43  Zerg Missile Weapons Level 1  
  118  9:44  Zerg Melee Weapons Level 1, Drone  
  120  9:51  Roach x2  
  120  9:52  Roach  
  126  9:53  Queen  
  126  9:56  Roach x3  
  134  10:01  Centrifical Hooks  
  134  10:05  Drone  
  134  10:06  Drone  
  140  10:07  Roach x2  
  140  10:08  Drone  
  140  10:10  Roach  
  140  10:12  Ravager x3  
  146  10:16  Roach x2  
  150  10:27  Hatchery, Roach x3  
  155  10:30  Overlord  
  155  10:33  Queen  
  157  10:36  Drone x3  
  157  10:38  Drone  
  157  10:39  Ravager  
  157  10:40  Ravager x3  
  157  10:41  Drone x2  
  167  10:45  Drone  
  167  10:46  Roach x2  
  167  10:48  Ravager  
  167  10:49  Zergling x4  
  175  10:53  Zergling x2  
  175  10:54  Zergling x8  
  175  10:56  Baneling x5  
  178  11:05  Ravager  
  178  11:06  Zergling x18  
  178  11:07  Zergling x2  
  189  11:13  Ravager x2  
  189  11:14  Roach x2  
  189  11:15  Baneling x8  
  189  11:16  Baneling  
  195  11:21  Zergling x6  
  198  11:26  Zergling x2  
  198  11:27  Zergling x2  
  198  11:34  Zergling x4  
  198  11:37  Baneling x2  
  198  11:38  Baneling x20  
  196  11:40  Zerg Missile Weapons Level 2, Zerg Melee Weapons Level 2  
  196  11:43  Zergling x4  
  196  11:46  Zergling x4  
  190  11:50  Roach x3  
  190  11:52  Roach x2  
  185  11:58  Zergling x12  
  185  12:00  Roach  
  185  12:01  Roach  
  178  12:04  Zergling x8  
  170  12:09  Roach x2  
  170  12:13  Roach  
  170  12:14  Roach  
  170  12:15  Roach  
  158  12:21  Roach x4  
  162  12:23  Ravager x7  
  162  12:26  Zergling x2  
  170  12:30  Zergling x6  
  170  12:32  Ravager  
  170  12:35  Baneling x8  
  170  12:36  Zergling x4  
  174  12:40  Zergling x6  
  174  12:41  Spore Crawler  
  174  12:43  Drone  
  177  12:44  Drone  
  177  12:46  Ravager  
  177  12:48  Zergling x2, Roach x6  
  177  12:49  Zergling x4  
  177  12:50  Baneling  
  177  12:51  Baneling x3  
  194  12:59  Baneling x2  
  194  13:00  Zergling x6  
  195  13:06  Zergling x6  
  195  13:07  Hatchery, Overlord  
  195  13:10  Zergling x10  
  195  13:12  Infestation Pit  
  195  13:15  Zergling x2  
  195  13:17  Zergling x8  
  197  13:25  Zergling x22  
  194  13:30  Burrow  
  194  13:32  Zergling x6  
  192  13:37  Baneling x9  
  192  13:40  Overseer  
  192  13:45  Ravager  
  193  13:51  Pathogen Glands  
  193  13:52  Hive  
  193  13:54  Zergling x12  
  199  14:22  Drone x4  
  199  14:24  Drone  
  199  14:25  Drone  
  199  14:30  Drone x2  
  197  14:31  Drone x2, Spine Crawler  
  197  14:32  Drone x2  
  197  14:33  Drone  
  200  14:43  Baneling x8  
  200  14:44  Baneling x13  
  200  14:48  Neural Parasite  
  199  14:55  Zergling x6  
  200  15:00  Baneling x6  
  200  15:09  Zergling x24  
  199  15:18  Drone  
  199  15:20  Adrenal Glands  
  198  15:21  Zerg Melee Weapons Level 3  
  198  15:30  Zergling x12  
  198  15:34  Zergling x4  
  200  15:39  Zergling x8  
  199  15:44  Baneling  
  199  15:53  Zergling x14  
  199  15:54  Zergling x2  
  199  15:55  Zergling x6  
  176  15:57  Zergling x2  
  176  15:58  Zergling x38  
  176  16:01  Baneling x17  
  176  16:02  Queen x2  
  176  16:03  Queen  
  198  16:05  Zergling x6  
  193  16:11  Zergling x6  
  193  16:14  Ravager  
  193  16:15  Ravager x3  
  193  16:16  Baneling x27  
  193  16:18  Zergling x4  
  199  16:24  Zergling x4  
  199  16:32  Zergling x4  
  181  16:35  Zergling x2  
  181  16:39  Zergling x12  
  143  16:45  Roach x5  
  129  16:48  Queen  
  129  16:51  Roach x2  
  129  16:52  Baneling, Roach  
  132  16:54  Baneling x2  
  132  16:57  Extractor x2, Roach x3  
  132  17:00  Baneling  
  132  17:01  Baneling x10  
  136  17:02  Zergling x6  
  136  17:06  Hatchery, Ravager x5  
  136  17:08  Zergling x4  
  145  17:12  Zergling x4  
  142  17:16  Zergling x2  
  142  17:19  Zergling x6  
  142  17:23  Zergling x12  
  142  17:27  Queen x3  
  153  17:30  Spore Crawler  
  153  17:31  Zergling x14  
  153  17:34  Zergling x2  
  158  17:37  Zergling x2  
  158  17:40  Zergling x2  
  158  17:41  Zergling x4  
  153  17:44  Zergling x2  
  153  17:45  Greater Spire  
  153  17:47  Viper  
  153  17:48  Ultralisk Cavern  
  153  17:50  Zergling x4  
  156  17:59  Zergling x16  
  156  18:04  Zergling x6  
  156  18:05  Zergling x6  
  165  18:09  Zergling x2  
  165  18:10  Zergling x2  
  163  18:14  Zergling x6  
  160  18:21  Baneling x6  
  160  18:25  Mutalisk x4  
  169  18:29  Drone x10  
  169  18:30  Drone x7  
  158  18:37  Zergling x10  
  158  18:40  Zergling x2  
  158  18:41  Zergling x2  
  156  18:45  Zergling x2  
  156  18:46  Zergling x6  
  144  19:03  Roach x2  
  144  19:04  Baneling x3, Roach  
  144  19:05  Baneling x2  
  144  19:07  Roach x3  
  144  19:08  Baneling x11  
  153  19:10  Roach  
  153  19:12  Roach  
  149  19:17  Roach x2  
  149  19:20  Zergling x4  
  155  19:25  Baneling Nest  
  155  19:26  Ultralisk, Zergling x8  
  155  19:30  Zergling x6  
  165  19:36  Zergling x8  
  169  19:43  Ultralisk, Zergling x2  
  167  19:48  Zergling x6  
  167  19:51  Zergling x12  
  175  19:53  Zergling x4  
  174  20:03  Zergling x6  
  174  20:04  Zergling x2  
  175  20:10  Zergling x10  
Show
View Real Time Build Order
Export as new Build Order

uwuThermal Terran - Winner!

Build Orders: Reaper Expand, Hellion Banshee 

Get SALT Encoding   

  12  0:01  SCV  
  13  0:13  SCV  
  14  0:17  Supply Depot  
  14  0:25  SCV  
  15  0:39  Barracks, SCV  
  16  0:43  Refinery  
  16  0:51  SCV  
  17  1:03  SCV  
  18  1:15  SCV  
  19  1:27  Orbital Command, Reaper  
  20  1:39  Command Center  
  20  1:48  Supply Depot  
  20  1:53  SCV  
  21  1:59  Marine  
  22  2:05  SCV  
  22  2:08  Factory  
  23  2:14  Refinery  
  23  2:17  SCV  
  23  2:20  Barracks Reactor  
  24  2:29  SCV  
  25  2:41  SCV  
  26  2:52  Orbital Command  
  26  2:53  Starport  
  26  2:54  SCV  
  27  3:01  Hellion  
  27  3:02  Hellion  
  27  3:03  Barracks Tech Lab  
  31  3:06  SCV  
  31  3:11  Supply Depot  
  32  3:18  SCV  
  32  3:19  SCV  
  34  3:22  Hellion  
  34  3:23  Hellion  
  38  3:30  SCV  
  38  3:31  SCV  
  40  3:35  Cloaking Field, Banshee  
  43  3:42  SCV  
  43  3:43  SCV  
  43  3:44  Hellion  
  43  3:46  Hellion  
  49  3:52  Supply Depot  
  49  3:55  Armory  
  49  3:56  SCV  
  51  4:05  Hellion  
  54  4:10  Hellion  
  54  4:13  SCV x2  
  56  4:18  Banshee  
  59  4:25  Command Center  
  59  4:27  SCV  
  59  4:28  SCV  
  61  4:40  SCV  
  61  4:42  Supply Depot  
  61  4:44  Refinery  
  61  4:45  Refinery  
  62  4:53  Factory x2  
  62  5:04  Hellion, SCV x2  
  67  5:07  Hellion  
  65  5:16  SCV  
  65  5:17  Banshee  
  65  5:19  SCV  
  65  5:20  Hellion x4  
  70  5:34  SCV x2  
  70  5:37  Hellion x2  
  70  5:38  Factory Tech Lab  
  70  5:39  Factory Tech Lab  
  70  5:40  Hyperflight Rotors  
  71  5:46  Terran Vehicle And Ship Armor Level 1, SCV  
  71  5:47  SCV  
  72  5:58  Hellion, SCV  
  72  5:59  Hellion, SCV  
  72  6:02  Supply Depot  
  72  6:03  Supply Depot, Banshee  
  84  6:04  Cyclone  
  84  6:06  Supply Depot  
  84  6:08  Orbital Command  
  84  6:15  SCV  
  85  6:21  Supply Depot  
  85  6:23  SCV  
  85  6:24  Hellion x2, Cyclone  
  93  6:27  SCV  
  93  6:30  Refinery  
  94  6:35  SCV  
  94  6:36  Cyclone, SCV  
  94  6:38  Refinery  
  94  6:39  Mag-Field Accelerator, SCV  
  100  6:47  SCV  
  100  6:48  Supply Depot x2, Hellion, SCV  
  100  6:49  Hellion  
  100  6:51  SCV  
  100  6:56  Cyclone  
  100  6:59  SCV  
  100  7:00  SCV  
  112  7:02  Supply Depot  
  112  7:03  Banshee, SCV  
  116  7:09  Cyclone  
  116  7:11  SCV  
  116  7:14  Supply Depot, Hellion x2  
  116  7:15  SCV  
  125  7:23  SCV  
  125  7:24  Factory  
  125  7:25  SCV  
  125  7:26  Factory  
  125  7:27  SCV  
  125  7:28  Cyclone  
  131  7:35  Hellion, SCV  
  134  7:41  Cyclone  
  134  7:43  SCV  
  138  7:45  Command Center  
  138  8:02  Cyclone  
  138  8:05  Hellion x2  
  136  8:10  SCV  
  114  8:18  Thor  
  114  8:19  Factory Tech Lab x2, SCV  
  111  8:22  SCV  
  111  8:26  Hellion, SCV  
  106  8:33  Hellion  
  97  8:34  Thor, SCV  
  97  8:36  Hellion x2, Banshee, Engineering Bay  
  97  8:41  SCV  
  97  8:45  Hellion, SCV  
  97  8:55  Cyclone  
  100  8:59  SCV  
  100  9:01  Thor  
  100  9:02  SCV  
  103  9:06  Cyclone  
  93  9:14  SCV  
  89  9:17  Thor  
  89  9:23  SCV x2  
  97  9:34  SCV  
  97  9:37  Missile Turret  
  95  9:42  SCV  
  96  9:48  Thor  
  102  10:02  Missile Turret  
  102  10:03  SCV x2  
  104  10:07  SCV, Missile Turret  
  104  10:10  Terran Vehicle And Ship Armor Level 2  
  105  10:14  Missile Turret  
  105  10:15  SCV  
  105  10:16  SCV  
  105  10:19  SCV  
  108  10:22  Banshee  
  108  10:24  Hellion  
  108  10:27  Supply Depot, SCV  
  114  10:32  Thor  
  120  10:37  Thor  
  120  10:39  SCV  
  127  10:43  Infernal Pre-Igniter, Smart Servos  
  127  10:44  SCV  
  127  10:47  SCV  
  129  10:51  Thor  
  129  10:52  Refinery  
  132  10:59  Supply Depot, Hellion  
  132  11:00  Hellion  
  132  11:03  SCV  
  132  11:04  Supply Depot, SCV x2  
  139  11:09  Planetary Fortress  
  139  11:15  SCV  
  139  11:17  Unknown  
  140  11:19  Thor  
  140  11:20  SCV, Missile Turret x2  
  140  11:22  Supply Depot  
  140  11:23  Supply Depot, SCV  
  148  11:27  Banshee  
  148  11:29  SCV  
  152  11:35  Thor  
  146  11:49  Thor  
  139  11:59  Thor  
  139  12:00  Hellion x2, SCV  
  134  12:11  Thor  
  134  12:14  SCV  
  135  12:21  SCV  
  136  12:24  Thor  
  136  12:27  Command Center  
  136  12:29  Hellion  
  143  12:33  Hellion  
  145  12:37  Hellion  
  145  12:41  SCV  
  148  12:45  Sensor Tower  
  148  12:47  Terran Vehicle Weapons Level 1  
  148  12:50  SCV  
  149  12:54  Hellion  
  151  12:58  Banshee  
  151  13:05  Hellion, Siege Tank  
  158  13:07  Hellion  
  160  13:13  Hellion, Siege Tank  
  160  13:16  Hellion  
  165  13:26  Hellion  
  163  13:28  Siege Tank  
  162  13:34  Siege Tank  
  162  13:40  Supply Depot x2  
  165  13:43  Hellion x2  
  165  13:44  Raven  
  165  13:45  Supply Depot  
  165  13:46  SCV  
  172  13:49  Supply Depot, SCV, Unknown  
  172  13:55  Siege Tank  
  176  14:00  Siege Tank  
  181  14:03  Hellion  
  181  14:08  Hellion  
  183  14:13  Siege Tank, SCV  
  183  14:14  Hellion  
  191  14:24  Hellion  
  191  14:27  Siege Tank  
  191  14:31  Hellion  
  192  14:33  Siege Tank  
  192  14:34  Banshee  
  192  14:35  Siege Tank  
  199  14:45  Hellion  
  199  15:10  Hellion, Siege Tank  
  199  15:13  Terran Vehicle Weapons Level 2  
  198  15:15  Command Center x2  
  198  15:16  Hellion  
  198  15:20  Hellion  
  197  15:32  Hellion, Siege Tank  
  197  15:34  Siege Tank  
  197  15:48  Siege Tank  
  200  15:54  Siege Tank  
  200  15:55  Hellion  
  171  15:59  Hellion  
  171  16:00  Banshee  
  171  16:04  Siege Tank  
  179  16:06  Siege Tank  
  176  16:16  Hellion  
  178  16:20  Siege Tank  
  178  16:21  Hellion  
  183  16:27  Hellion  
  177  16:36  Siege Tank  
  177  16:38  Hellion, Siege Tank  
  142  16:42  Hellion  
  142  16:43  Banshee  
  132  16:48  Siege Tank  
  132  16:52  Hellion  
  137  16:59  Hellion  
  137  17:01  Orbital Command  
  139  17:04  Hellion  
  139  17:08  Siege Tank  
  144  17:10  Siege Tank  
  144  17:14  Hellion  
  149  17:20  Hellion, Siege Tank  
  154  17:26  Banshee  
  154  17:27  Planetary Fortress  
  157  17:35  Siege Tank  
  160  17:39  Hellion  
  160  17:40  Siege Tank  
  160  17:43  Siege Tank  
  164  17:45  Hellion  
  166  17:52  Siege Tank  
  169  18:01  Hellion  
  171  18:07  Hellion, Siege Tank  
  171  18:12  Siege Tank  
  177  18:13  Banshee  
  177  18:15  Siege Tank  
  181  18:22  Hellion  
  181  18:26  Hellion x2  
  186  18:28  Hellion  
  172  18:43  Hellion  
  172  18:47  Orbital Command  
  179  18:55  Thor x4  
  180  18:57  Hellion  
  190  19:42  Banshee, Siege Tank  
  190  19:43  Siege Tank  
  189  19:45  Siege Tank  
  189  19:46  Hellion x2, Siege Tank  
  190  20:07  Hellion  
  190  20:08  Hellion  
  186  20:15  Hellion  
Tags
 
Add a new tag
Caveats
  • Supply blocks, unpowered buildings, or Contaminate may cause inaccurate times.
  • Supply counts are checked every 10 seconds.